 Dungeon Crawl Stone Soup version 0.21-a0-434-g806c6c2 (webtiles) character file.

44 taran the Skirmisher (level 3, 0/31 HPs)
             Began as a Centaur Skald on Nov 8, 2017.
             Slain by a gnoll
             ... wielding a +0 flail
              (1 damage)
             ... on level 2 of the Dungeon.
             The game lasted 00:07:25 (1125 turns).

taran the Skirmisher (Centaur Skald)                Turns: 1125, Time: 00:07:26

Health: 0/31       AC:  7    Str: 14    XL:     3   Next: 41%
Magic:  5/5        EV:  8    Int: 12    God:
Gold:   88         SH:  0    Dex:  8    Spells: 2/5 levels left

rFire    . . .     SeeInvis .   a - +0 falchion
rCold    . . .     Gourm    .   (no shield)
rNeg     . . .     Faith    .   f - +0 ring mail
rPois    .         Spirit   .   (no helmet)
rElec    .         Reflect  .   (no cloak)
rCorr    .         Harm     .   g - +1 pair of gloves
MR       .....                  (no barding)
Stlth    ..........             (no amulet)
HPRegen  0.10/turn              (no ring)
MPRegen  0.09/turn              (no ring)

@: lethally poisoned (0 -> -2), very quick
A: hooves 3, deformed body, speed 2, tough skin 3
a: no special abilities


You were on level 2 of the Dungeon.
You were not hungry.

You visited 1 branch of the dungeon, and saw 2 of its levels.

You collected 88 gold pieces.

Inventory:

Hand Weapons
 a - a +0 falchion (weapon)
 b - a +1 hunting sling of flaming
 o - a cursed -1 flail
Missiles
 h - 4 stones (quivered)
 q - a throwing net
Armour
 e - a +0 leather armour
 f - a +0 ring mail (worn)
 g - a +1 pair of gloves (worn)
Scrolls
 k - a scroll of teleportation {unknown}
Potions
 j - a potion of curing {unknown}
 m - a potion of invisibility {unknown}
Books
 c - a book of Battle

   Spells                             Type                      Level
   a - Infusion                       Charms                       1
   b - Shroud of Golubria             Charms/Translocation         2
   c - Song of Slaying                Charms                       2
   d - Spectral Weapon                Hexes/Charms                 3
   e - Regeneration                   Charms/Necromancy            3
Comestibles
 d - a bread ration
 i - 7 chunks of flesh
 l - a royal jelly
 n - a meat ration
 p - 2 fruits


   Skills:
 + Level 3.2 Fighting
 - Level 2.0 Long Blades
 - Level 0.6 Armour
 - Level 1.3 Dodging
 - Level 1.5 Spellcasting
 + Level 2.9 Charms
 + Level 0.7 Translocations


You had 2 spell levels left.
You knew the following spells:

 Your Spells              Type           Power        Failure   Level  Hunger
a - Infusion              Chrm           #...         17%         1    ##.....
b - Shroud of Golubria    Chrm/Tloc      #.........   38%         2    ###....


Dungeon Overview and Level Annotations

Branches:
Dungeon (2/15)

Altars:


Innate Abilities, Weirdness & Mutations

You have hooves in place of feet.
Armour fits poorly on your strangely shaped body.
You cover ground very quickly.
You have extremely tough skin. (AC +3)


Message History

You slash the adder! Your kick misses the adder.
The adder is heavily wounded.
The adder bites you but does no damage. The adder bites you.
* * * LOW HITPOINT WARNING * * *
You are lethally poisoned!
The adder poisons you!
You closely miss the adder. You kick the adder.
The adder is severely wounded.
* * * LOW HITPOINT WARNING * * *
You feel sick. The adder barely misses you.
The adder bites you but does no damage.
You closely miss the adder.
The adder is severely wounded.
The adder bites you but does no damage.
You hit the adder. Your kick misses the adder.
The adder is severely wounded.
* * * LOW HITPOINT WARNING * * *
You feel sick. The adder bites you but does no damage.
The gnoll hits you with a flail.
You die...

########## ..#
#........####.####
#........#.......###
#........#.........#
###........#.....[.#
...........##.##.###
.##........##.##.#
#.....<..##.##S##
#######รท###.##@.#
#.###.###g###
#....[# #...###
####..# ###g..##
#..# ###..# #..###
##.# .#
##.).######.#
..>.###..#.g.g....#
#.....#########.#


You could see 2 gnolls and an adder.

Vanquished Creatures
  A gnoll (D:2)
  A worm (D:2)
  A dart slug (D:2)
  5 goblins (D:1)
  4 jackals (D:2)
  5 kobolds (D:1)
  5 bats (D:1)
  2 frilled lizards (D:1)
  6 rats
30 creatures vanquished.

Notes
Turn   | Place    | Note
-------+----------+-------------------------------------------
     0 | D:1      | taran the Centaur Skald began the quest for the Orb.
     0 | D:1      | Reached XP level 1. HP: 17/17 MP: 3/3
   300 | D:1      | Reached XP level 2. HP: 21/25 MP: 4/4
   495 | D:1      | Reached skill level 3 in Fighting
   526 | D:1      | Learned a level 2 spell: Shroud of Golubria
   779 | D:1      | Noticed a big kobold
   779 | D:1      | Noticed a big kobold
   780 | D:1      | Noticed a big kobold
   883 | D:2      | Reached XP level 3. HP: 22/31 MP: 5/5
  1125 | D:2      | HP: 1/31 [poisoned by an adder]
  1125 | D:2      | Slain by a gnoll

Vault maps used:
D:1:      erik_arrival_cave_to_civilisation

Skill      XL: |  1  2 |
---------------+-------+-----
Long Blades    | 2 |  2.0
Fighting       | 3 |  3.2
Armour         | |  0.6
Dodging        | |  1.3
Spellcasting   | |  1.5
Charms         | |  2.9
Translocations | |  0.7

Action                   || total
-------------------------++-------
Melee: Falchion          ||    88
       Kick              ||    10
Armor: Ring mail         ||    42
       Leather armour    ||     2
Dodge: Dodged            ||    43
       Rpst.: Falchion   ||    12

Table legend:
 A = Spawn XP
 B = Non-spawn XP
 C = Spawn XP percentage of total XP
 D = Spawn monster count
 E = Non-spawn monster count
 F = Spawn count percentage of total count
 G = Total turns spent on level
                    A         B        C        D         E        F      G
               +---------+---------+-------+---------+---------+-------+---------
         Total |       0 |      64 |   0.0 |       0 |      30 |   0.0 |  1125
               +---------+---------+-------+---------+---------+-------+---------
           D:1 |       0 |      31 |   0.0 |       0 |      21 |   0.0 |   866
           D:2 |       0 |      33 |   0.0 |       0 |       9 |   0.0 |   259
               +---------+---------+-------+---------+---------+-------+---------
